 Dungeon Crawl Stone Soup version 0.31-a0-700-gf13585253f (webtiles) character file.

Game seed: 11317295448521260324

207 pokeman the Magician (level 5, -2/29 HPs)
             Began as a Deep Elf Hedge Wizard on Sept 7, 2023.
             Killed from afar by an orc wizard (4 damage)
             ... with a puff of flame
             ... on level 4 of the Dungeon.
             The game lasted 00:05:05 (3512 turns).

pokeman the Magician (Deep Elf Hedge Wizard)        Turns: 3512, Time: 00:05:06

Health: -2/29      AC:  4    Str:  7    XL:     5   Next: 54%
Magic:  0/15       EV: 13    Int: 21    God:
Gold:   185        SH:  0    Dex: 14    Spells: 8/16 levels left

rFire   . . .        f - +2 dagger (venom)
rCold   . . .        (no shield)
rNeg    . . .        b - +0 robe
rPois   .            c - +0 hat
rElec   .            (no cloak)
rCorr   .            p - +0 pair of gloves
SInv    .            j - +0 pair of boots
Will    .....        (no amulet)
Stlth   ++           (no ring)
HPRegen 0.24/turn    (no ring)
MPRegen 0.14/turn

%: no passive effects
@: very slightly contaminated
A: no striking features
a: no special abilities


You were on level 4 of the Dungeon.
You visited 1 branch of the dungeon, and saw 4 of its levels.

You collected 185 gold pieces.

Inventory:

Hand Weapons
 f - a +2 dagger of venom (weapon)
Armour
 b - a +0 robe (worn)
 c - a +0 hat (worn)
 j - a +0 pair of boots (worn)
 p - a +0 pair of gloves (worn)
Scrolls
 a - 5 scrolls of identify {unknown}
 e - 2 scrolls of teleportation {unknown}
 g - a scroll of enchant armour {unknown}
 h - 2 scrolls of fog {unknown}
 i - a scroll of amnesia {unknown}
 k - a scroll of fear {unknown}
 n - 2 scrolls of summoning {unknown}
 q - a scroll of revelation {unknown}
Potions
 d - a potion of magic
 l - a potion of lignification {unknown}
 m - a potion of curing {unknown}
 o - 2 potions of ambrosia {unknown}
 r - a potion of haste {unknown}
 s - a potion of invisibility {unknown}


   Skills:
 - Level 1.0 Fighting
 - Level 1.0 Armour
 - Level 3.0 Dodging
 - Level 3.2 Stealth
 * Level 6.4 Spellcasting
 + Level 2.7 Conjurations
 - Level 1.1 Summonings
 - Level 1.1 Translocations
 + Level 0.6 Air Magic
 + Level 0.6 Poison Magic


You had 8 spell levels left.
You knew the following spells:

 Your Spells              Type           Power      Damage    Failure   Level
a - Magic Dart            Conj           72%        1d6       3%          1
b - Mephitic Cloud        Conj/Pois/Air  12%        N/A       16%         3
c - Call Imp              Summ           22%        N/A       9%          2
d - Blink                 Tloc           22%        N/A       9%          2

Your spell library contained the following spells:

 Spells                   Type           Power      Damage    Failure   Level
 Searing Ray              Conj           36%        2d5       4%          2
 Slow                     Hex            24%        N/A       10%         1
 Cigotuvi's Dreadful Rot  Necr/Pois/Air  16%        N/A       12%         2
 Fulminant Prism          Conj/Hex       6%         3d7       47%         4


Dungeon Overview and Level Annotations

Branches:
Dungeon (4/15)
 Temple: D:4-7

Altars:
Trog
The Shining One

Shops:
D:2 =


Message History

Aim: an adder (severely wounded, 100% to hit)
The magic dart hits the adder.
The adder is almost dead.
The adder barely misses you.
Unknown command.
Casting: Magic Dart (safe; 3% risk of failure)
Confirm with . or Enter, or press ? or * to list all spells.
Aiming: Magic Dart (safe; 3% risk of failure)
Press: ? - help, Shift-Dir - straight line, f/p - adder
Aim: an adder (almost dead, 100% to hit)
The magic dart hits the adder.
You kill the adder!
A magic dart appears from out of thin air!
The magic dart hits you!
Casting: Magic Dart (safe; 3% risk of failure)
Confirm with . or Enter, or press ? or * to list all spells.
You don't have enough magic to cast this spell.
Casting: Magic Dart (safe; 3% risk of failure)
Confirm with . or Enter, or press ? or * to list all spells.
You don't have enough magic to cast this spell.
There is a strange disturbance nearby!
Unknown command.
A magic dart appears from out of thin air!
The magic dart hits you!
* * * LOW HITPOINT WARNING * * *
Casting: Magic Dart (safe; 3% risk of failure)
Confirm with . or Enter, or press ? or * to list all spells.
Aiming: Mephitic Cloud (quite dangerous; 16% risk of failure)
Press: ? - help, Shift-Dir - straight line You miscast Mephitic Cloud.
You are very lightly contaminated with residual magic.
You are caught in an explosion of electrical discharges.
* * * LOW HITPOINT WARNING * * *
You aren't carrying any items that you can evoke.
Something hits you.
* * * LOW HITPOINT WARNING * * *
You hear some strange, mumbled words.
A puff of flame appears from out of thin air!
The puff of flame hits you.
You die...

...
###8..8###..##
..).
#.......#.###
...)##
#...>....##
......#
#.#8..8###
.......##
#.##..## #†.##
#.##..#
...)..#..##
#...### ...?.
##..######.##
...#
#....##@.## ##
#....{..##
#.......##
#.......#
#........#
..........#
..........##
.........)#
.........#


There were no monsters in sight!

Vanquished Creatures
  A black bear (D:4)
  An iguana (D:4)
  An adder (D:4)
  An ufetubus (D:4)
  3 dart slugs (D:1)
  5 orcs
  5 endoplasms
  2 giant cockroaches (D:1)
  7 goblins
  8 hobgoblins
  3 kobolds
  3 quokkas
  10 ball pythons
  8 bats
  2 frilled lizards
  4 rats
64 creatures vanquished.

Notes
Turn   | Place    | Note
-------+----------+-------------------------------------------
     0 | D:1      | pokeman the Deep Elf Hedge Wizard began the quest for the
                  | Orb.
     0 | D:1      | Reached XP level 1. HP: 10/10 MP: 7/7
   382 | D:1      | Reached XP level 2. HP: 15/15 MP: 5/9
   893 | D:1      | Reached skill level 5 in Spellcasting
  1151 | D:1      | Reached XP level 3. HP: 20/20 MP: 7/11
  1155 | D:1      | Learned a level 3 spell: Mephitic Cloud
  1158 | D:1      | Learned a level 2 spell: Call Imp
  1161 | D:1      | Learned a level 2 spell: Blink
  1470 | D:2      | Found Oxtococ's Jewellery Emporium.
  1771 | D:2      | Reached skill level 1 in Armour
  1978 | D:2      | Reached skill level 1 in Fighting
  2772 | D:3      | Found a bloodstained altar of Trog.
  2944 | D:3      | Found a faded altar of an unknown god.
  3072 | D:4      | Noticed a black bear
  3081 | D:4      | Reached XP level 4. HP: 25/25 MP: 1/13
  3084 | D:4      | Killed a black bear
  3085 | D:4      | Reached skill level 6 in Spellcasting
  3085 | D:4      | Reached XP level 5. HP: 29/29 MP: 2/15
  3403 | D:4      | Found a glowing golden altar of the Shining One.
  3512 | D:4      | Killed from afar by an orc wizard

Illustrated notes

Levels and vault maps discovered:
D:1:      wander_arrival_lonely_grave, layout_loops_corners,
          minmay_misc_feat_more_columns, minmay_octomino_j4
D:2:      layout_loops_ring, serial_shops, shop
D:3:      layout_basic, lightli_temple_of_fire, ebering_ecumenical_altar_rust
D:4:      layout_cave_pods, lemuel_round_altar, lemuel_crystal_altar,
          nicolae_ru_path_of_blood, temple_doors_cd, st_stairs_6

Skill      XL: |  1  2  3  4 |
---------------+-------------+-----
Spellcasting   | 5 6 |  6.4
Armour         | 1 |  1.0
Fighting       | 1 |  1.0
Conjurations   | 2 |  2.7
Dodging        | 3 |  3.0
Stealth        | 3 |  3.2
Summonings     | |  1.1
Translocations | |  1.1
Air Magic      | |  0.6
Poison Magic   | |  0.6

Action                     |  1- 3 |  4- 6 || total
---------------------------+-------+-------++-------
  Melee: Dagger            |     4 |     8 ||    12
   Cast: Magic Dart        |   134 |    33 ||   167
         Mephitic Cloud    |     1 |     1 ||     2
   Stab: Confused          |       |     2 ||     2
 Armour: Robe              |    11 |    15 ||    26
  Dodge: Dodged            |    16 |    14 ||    30

Table legend: (Time is in decaauts)
 A = Elapsed time spent in this place.
 B = Non-inter-level travel time spent in this place.
 C = Inter-level travel time spent in this place.
 D = Time resting spent in this place.
 E = Time spent auto-exploring this place.
 F = Levels seen in this place.
 G = Mean time per level.
                   A        B        C        D        E       F      G
               +--------+--------+--------+--------+--------+-----+--------+
         Total |   3510 |   3463 |     47 |      0 |   3111 |   4 |  877.5 |
       Dungeon |   3510 |   3463 |     47 |      0 |   3111 |   4 |  877.5 |
               +--------+--------+--------+--------+--------+-----+--------+

Top non-repeatable levels by time:
     D:1: 1469 daAuts
     D:2: 930 daAuts
     D:3: 670 daAuts
     D:4: 439 daAuts
